 Dungeon Crawl Stone Soup version 0.27-a0-550-ge92ec0ca06 (webtiles) character file.

Game seed: 6976707288045709818

5569 sahdkjhfkaj the Spear-Bearer (level 10, -8/77 (83) HPs)
             Began as a Merfolk Gladiator on Mar 7, 2021.
             Was a Believer of Okawaru.
             Mangled by a large slime creature (38 damage)
             ... on level 9 of the Dungeon.
             The game lasted 00:10:48 (13632 turns).

sahdkjhfkaj the Spear-Bearer (Merfolk Gladiator)   Turns: 13632, Time: 00:10:49

HP:   -8/77 (83)    AC: 11    Str: 18    XL:     10   Next: 72%
MP:   13/13         EV:  7    Int:  7    God:    Okawaru [**....]
Gold: 481           SH:  0    Dex: 16    Spells: 9/9 levels left

rFire    + . .     SeeInvis .   a - +3 halberd
rCold    . . .     Faith    .   (shield currently unavailable)
rNeg     . . .     Spirit   .   D - +0 plate armour
rPois    .         Reflect  .   c - +0 helmet
rElec    .         Harm     .   (no cloak)
rCorr    .         Rampage  .   (no gloves)
Will     .....                  (no boots)
Stlth    ..........             (no amulet)
HPRegen  0.22/turn              o - ring of wizardry
MPRegen  0.13/turn              k - ring of protection from fire

@: drained
A: change form in water, amphibious, nimble swimmer 2
a: Renounce Religion, Heroism


You were on level 9 of the Dungeon.
You worshipped Okawaru.
Okawaru was pleased with you.
You visited 2 branches of the dungeon, and saw 10 of its levels.
You also visited: Ossuary.

You collected 481 gold pieces.

Inventory:

Hand Weapons
 a - a +3 halberd (weapon)
 b - a +3 rapier of venom
Missiles
 u - 177 stones (quivered)
Armour
 c - a +0 helmet (worn)
 D - a +0 plate armour (worn)
Jewellery
 k - a ring of protection from fire (right hand)
 o - a ring of wizardry (left hand)
 w - a ring of flight
 F - an amulet of faith
Wands
 d - a wand of paralysis (6)
 s - a wand of flame (9)
Scrolls
 n - 4 scrolls of blinking
 p - 5 scrolls of teleportation
 t - 2 scrolls of amnesia
 v - 2 scrolls of enchant armour
 x - a scroll of fear
 y - 3 scrolls of immolation
 z - 3 scrolls of magic mapping
 C - a scroll of enchant weapon {unknown}
 E - a scroll of vulnerability {unknown}
Potions
 e - 3 potions of flight
 f - 2 potions of resistance
 g - 5 potions of curing
 h - 3 potions of heal wounds {unknown}
 i - a potion of berserk rage {unknown}
 j - a potion of magic {unknown}
 l - 5 potions of might
 m - 3 potions of haste {unknown}
 q - 4 potions of brilliance {unknown}
 r - a potion of ambrosia {unknown}
 A - 3 potions of lignification {unknown}
 B - 3 potions of degeneration {unknown}


   Skills:
 - Level 9.0 Fighting
 - Level 12.0 Polearms
 - Level 6.0 Throwing
 - Level 2.0 Armour
 - Level 7.0 Dodging
 + Level 4.7 Stealth
 - Level 4.0 Invocations
 - Level 5.0 Evocations


You had 9 spell levels left.
You didn't know any spells.
Your spell library contained the following spells:

 Spells                   Type           Power      Damage    Failure   Level
 Corona                   Hex            0%         N/A       100%        1
 Ensorcelled Hibernation  Hex/Ice        0%         N/A       100%        2
 Confusing Touch          Hex            0%         N/A       100%        3
 Dazzling Flash           Conj/Hex       0%         N/A       100%        3
 Tukima's Dance           Hex            0%         N/A       100%        3


Dungeon Overview and Level Annotations

Branches:
Dungeon (9/15)             Temple (1/1) D:7         Ossuary (visited)
   Lair: D:8-11         Orc: D:9-12

Altars:
Ashenzari
Cheibriados
Dithmenos
Elyvilon
Fedhas
Gozag
Hepliaklqana
Kikubaaqudgha
Makhleb
Nemelex Xobeh
Okawaru
Qazlal
Ru
Sif Muna
Trog
Uskayaw
Vehumet
Wu Jian
Xom
Yredelemnul
Zin
The Shining One

Shops:
D:4 (


Innate Abilities, Weirdness & Mutations

You revert to your normal form in water.
You are amphibious.
You are quick and stealthy while swimming. (Stealth+, EV+, Speed+++)


Message History

The orc warrior hits you from afar with a +0 glaive!
The slime creature jiggles.
A black bear comes into view.
A slime creature comes into view.
The black bear growls angrily.
The slime creature quivers.
You slash the orc!
You kill the orc!
Okawaru accepts your kill.
You slash the slime creature!
The slime creature is lightly wounded.
The orc warrior hits you from afar with a +0 glaive!
The slime creature closely misses you.
You slash the slime creature!
The slime creature is moderately wounded.
The orc warrior barely misses you. The slime creature hits you!
You hit the slime creature.
The slime creature is heavily wounded.
The slime creature hits you.
Two slime creatures merge to form a large slime creature.
The orc warrior hits you from afar with a +0 glaive!
You hit the large slime creature.
The large slime creature is moderately wounded.
Two slime creatures merge to form a very large slime creature.
You slice the very large slime creature!!
The very large slime creature is moderately wounded.
The orc warrior hits you but does no damage.
You barely miss the very large slime creature.
The very large slime creature is moderately wounded.
Two slime creatures merge to form an enormous slime creature.
The orc warrior hits you but does no damage.
You slash the enormous slime creature!
The enormous slime creature is moderately wounded.
You impale the enormous slime creature!!
The enormous slime creature is moderately wounded.
The orc warrior hits you from afar with a +0 glaive!
An enormous slime creature splits.
You impale the large slime creature!!
The large slime creature is heavily wounded.
The large slime creature hits you!!!
You die...

.#####+####......#####
.# #..........# .#
#..........# .#
#..........#
.##########.[........# .
.................#####..
..........#####..# .....
#####.....#...#..#y.....
....#.....#...'.@JoJ....
....#.....#...#.J#oh....
<...#.....#...#..# .....
....+.....#+###..# ###'
#####.............
...................
............#+######
............#
............#


You could see 2 large slime creatures, a slime creature, a hornet, an orc
warrior, a black bear and an orc.

Vanquished Creatures
  2 two-headed ogres (D:8)
  Grinder (D:3)
  Eustachio (D:3)
  Duvessa (D:4)
  A water moccasin (D:8)
  4 sky beasts
  A necrophage (D:9)
  A black bear (D:9)
  4 ogres
  A centaur (D:6)
  2 phantoms
  A kobold brigand (D:7)
  6 bullfrogs
  Dowan (D:4)
  14 scorpions
  4 wights
  3 centaur zombies
  A bullfrog zombie (D:7)
  3 hounds
  7 orc priests
  2 human zombies (Ossuary)
  2 jellies
  A bullfrog skeleton (D:7)
  A centaur skeleton (D:7)
  Natasha (thrice) (D:3)
  An iguana (D:6)
  4 worker ants
  4 orc wizards
  2 hound zombies
  A hound skeleton (D:8)
  3 mummies (Ossuary)
  A worker ant zombie (D:6)
  10 gnolls
  10 adders
  4 scorpion zombies (Ossuary)
  A shadow imp (D:6)
  4 white imps
  An ufetubus (D:5)
  2 adder zombies
  An adder skeleton (D:8)
  2 worms
  5 leopard geckos
  20 orcs
  A giant cockroach (D:1)
  6 goblins
  5 hobgoblins
  6 jackals
  11 kobolds
  4 quokkas
  5 bats
  A frilled lizard (D:1)
  7 goblin zombies
  2 hobgoblin zombies (Ossuary)
  A jackal zombie (D:8)
  4 kobold zombies (Ossuary)
  A leopard gecko zombie (D:5)
  An orc zombie (Ossuary)
  7 rats
206 creatures vanquished.

Vanquished Creatures (others)
  10 fungi (D:9)
  11 plants
21 creatures vanquished.

Grand Total: 227 creatures vanquished

Notes
Turn   | Place    | Note
-------+----------+-------------------------------------------
     0 | D:1      | sahdkjhfkaj the Merfolk Gladiator began the quest for the
                  | Orb.
     0 | D:1      | Reached XP level 1. HP: 16/16 MP: 1/1
    42 | D:1      | Reached skill level 1 in Stealth
   275 | D:1      | Reached XP level 2. HP: 22/22 MP: 2/2
   280 | D:1      | Reached skill level 5 in Polearms
  1005 | D:2      | Reached XP level 3. HP: 4/27 MP: 3/3
  1272 | D:2      | Reached skill level 6 in Polearms
  1663 | D:2      | Reached XP level 4. HP: 34/34 MP: 4/4
  2404 | D:3      | Noticed Grinder
  2405 | D:3      | Noticed a bullfrog
  2454 | D:2      | Killed a bullfrog
  2455 | D:2      | Reached skill level 7 in Polearms
  2455 | D:2      | Reached skill level 1 in Evocations
  2455 | D:2      | Reached XP level 5. HP: 7/41 MP: 5/5
  2734 | D:3      | HP: 1/41 [Grinder/nerve-wracking pain (6)]
  2735 | D:3      | Paralysed by Grinder for 4 turns
  2765 | D:3      | Killed Grinder
  2766 | D:3      | Reached skill level 1 in Armour
  2766 | D:3      | Reached skill level 8 in Polearms
  2766 | D:3      | Reached XP level 6. HP: 6/47 MP: 6/6
  3360 | D:3      | Noticed Natasha
  3368 | D:3      | Killed Natasha
  3669 | D:3      | Noticed Natasha
  3686 | D:3      | Killed Natasha
  4166 | D:3      | Noticed Natasha
  4178 | D:3      | Killed Natasha
  4482 | D:4      | Noticed Eustachio
  4509 | D:3      | Reached skill level 9 in Polearms
  4509 | D:3      | Reached XP level 7. HP: 8/52 MP: 7/7
  4894 | D:3      | Killed Eustachio
  5223 | D:4      | Noticed Duvessa
  5223 | D:4      | Noticed Dowan
  5242 | D:4      | Killed Duvessa
  5245 | D:4      | Killed Dowan
  5518 | D:4      | Reached XP level 8. HP: 50/60 MP: 8/8
  5717 | D:4      | Found Wesenkec's Weapon Boutique.
  5761 | D:4      | Reached skill level 10 in Polearms
  5926 | D:5      | Entered Level 5 of the Dungeon
  6170 | D:5      | Reached skill level 5 in Fighting
  6264 | D:5      | Found a sand-covered staircase.
  6275 | Ossuary  | Entered an ossuary
  6358 | Ossuary  | Reached skill level 11 in Polearms
  7317 | Ossuary  | Reached XP level 9. HP: 72/72 MP: 9/9
  8246 | D:5      | Found a shimmering altar of Xom.
  8555 | D:6      | Reached skill level 5 in Throwing
  8698 | D:6      | Reached skill level 5 in Dodging
  9097 | D:6      | Reached skill level 1 in Invocations
 10377 | D:7      | Found a staircase to the Ecumenical Temple.
 10445 | Temple   | Entered the Ecumenical Temple
 10512 | Temple   | Became a worshipper of Warmaster Okawaru
 10584 | D:7      | Reached skill level 12 in Polearms
 11296 | D:8      | Noticed a two-headed ogre
 11320 | D:8      | Killed a two-headed ogre
 11321 | D:8      | Reached XP level 10. HP: 27/83 MP: 12/12
 11635 | D:8      | Reached * piety under Okawaru
 11651 | D:8      | Noticed a two-headed ogre
 11688 | D:8      | HP: 3/83 [two-headed ogre/+0 giant club (4)]
 11709 | D:8      | Killed a two-headed ogre
 11710 | D:8      | Reached skill level 5 in Evocations
 12628 | D:8      | Reached ** piety under Okawaru
 13632 | D:9      | Mangled by a large slime creature

Illustrated notes

Levels and vault maps discovered:
D:1:      dpeg_arrival_court, layout_loops_ring, minmay_misc_feat_roman
D:2:      layout_basic
D:3:      cheibrodos_old_hovel, layout_loops_ring, grunt_decor_arrowhead,
          uniq_natasha, uniq_grinder
D:4:      layout_basic, serial_shops, shop, uniq_duvessa, uniq_eustachio,
          uniq_robin
D:5:      layout_basic, lemuel_doored_altar, enter_ossuary_4
D:6:      layout_loops_ring
D:7:      layout_gridville, minmay_temple_entry_gardened_gates, minmay_between
D:8:      layout_gridville, chequers_hall_statues_corner_a
D:9:      layout_irregular_city, grunt_lair_entry_orc_guard_hut
Temple:   dpeg_three_leaves_temple

Skill      XL: |  1  2  3  4  5  6  7  8  9 10 |
---------------+-------------------------------+-----
Stealth        | 1 2 4 |  4.7
Polearms       | 5 6 7 8 9 11 12 | 12.0
Fighting       | 3 4 7 9 |  9.0
Evocations     | 1 2 3 4 5 |  5.0
Armour         | 1 2 |  2.0
Throwing       | 3 5 6 |  6.0
Dodging        | 6 7 |  7.0
Invocations    | 3 4 |  4.0

Action                   |  1- 3 |  4- 6 |  7- 9 | 10-12 || total
-------------------------+-------+-------+-------+-------++-------
Melee: Trident           |    69 |   106 |   120 |    18 ||   313
       Rapier            |       |       |   354 |    71 ||   425
       Halberd           |       |       |       |    36 ||    36
Throw: Throwing net      |       |     5 |     2 |     1 ||     8
       Stone             |       |    19 |   294 |   112 ||   425
  Use: Scroll            |       |     3 |     9 |       ||    12
       Potion            |       |     1 |     1 |       ||     2
 Stab: Sleeping          |     1 |       |       |       ||     1
       Held in net/web   |       |     1 |       |       ||     1
Armor: Ring mail         |     8 |    14 |       |       ||    22
       Leather armour    |     1 |       |       |       ||     1
       Chain mail        |       |    56 |   172 |       ||   228
       Plate armour      |       |       |    54 |    69 ||   123
Dodge: Dodged            |    27 |    59 |   168 |    52 ||   306

Table legend: (Time is in decaauts)
 A = Elapsed time spent in this place.
 B = Non-inter-level travel time spent in this place.
 C = Inter-level travel time spent in this place.
 D = Time resting spent in this place.
 E = Time spent auto-exploring this place.
 F = Levels seen in this place.
 G = Mean time per level.
                   A        B        C        D        E       F      G
               +--------+--------+--------+--------+--------+-----+--------+
         Total |  13635 |  13124 |    511 |     48 |  11178 |  11 | 1239.5 |
       Dungeon |  12317 |  11820 |    497 |      3 |  10252 |   9 | 1368.6 |
        Temple |     80 |     67 |     13 |      0 |     64 |   1 |   80.0 |
       Ossuary |   1237 |   1237 |      0 |     45 |    862 |   1 | 1237.0 |
               +--------+--------+--------+--------+--------+-----+--------+

Top non-repeatable levels by time:
     D:2: 2294 daAuts
     D:8: 1964 daAuts
     D:3: 1719 daAuts
     D:7: 1545 daAuts
     D:6: 1524 daAuts
 Ossuary: 1237 daAuts
     D:5: 1154 daAuts
     D:1: 1136 daAuts
     D:4: 785 daAuts
     D:9: 192 daAuts
  Temple: 80 daAuts
